 Dungeon Crawl Stone Soup version 0.27-a0-1256-gced786f65e (webtiles) character file.

Game seed: 10094708470744216676

3556 Zonian the Conjurer (level 10, 0/73 HPs)
             Began as a Human Conjurer on June 10, 2021.
             Was a Priest of the Shining One.
             Slain by a two-headed ogre
             ... wielding a +0 giant club
              (15 damage)
             ... on level 8 of the Dungeon.
             The game lasted 00:14:53 (12237 turns).

Zonian the Conjurer (Human Conjurer)               Turns: 12237, Time: 00:14:55

Health: 0/73       AC:  4    Str: 14    XL:     10   Next: 30%
Magic:  2/17       EV: 14    Int: 20    God:    the Shining One [***...]
Gold:   356        SH:  0    Dex: 13    Spells: 12/19 levels left

rFire    . . .     SeeInvis .   e - +2 rapier (spect)
rCold    . . .     Faith    .   (no shield)
rNeg     + . .     Spirit   .   a - +1 robe
rPois    .         Reflect  .   (no helmet)
rElec    .         Harm     .   (no cloak)
rCorr    .         Rampage  .   (no gloves)
Will     .....                  f - +0 pair of boots
Stlth    ++........             (no amulet)
HPRegen  0.22/turn              q - +6 ring of strength
MPRegen  0.15/turn              (no ring)

@: very slightly contaminated, glowing
A: no striking features
a: Renounce Religion, Divine Shield


You were on level 8 of the Dungeon.
You worshipped the Shining One.
The Shining One was most pleased with you.
You visited 1 branch of the dungeon, and saw 8 of its levels.

You collected 392 gold pieces.
You spent 36 gold pieces at shops.

Inventory:

Hand Weapons
 e - a +2 spectral rapier (weapon)
 r - a +0 broad axe
Missiles
 g - 5 curare-tipped darts
Armour
 a - a +1 robe (worn)
 f - a +0 pair of boots (worn)
 v - a +0 kite shield
Magical Staves
 h - a staff of fire
Jewellery
 q - a +6 ring of strength (left hand)
 s - a ring of flight
Wands
 b - a wand of iceblast (18)
 k - a wand of flame (69)
 t - a wand of digging (2)
Scrolls
 i - 7 scrolls of teleportation
 l - a scroll of vulnerability
 p - a scroll of amnesia
Potions
 c - a potion of haste
 d - 2 potions of lignification
 j - a potion of heal wounds
 m - 2 potions of brilliance
 n - 2 potions of curing
 o - 2 potions of attraction {unknown}
 u - a potion of might


   Skills:
 + Level 4.9 Fighting
 + Level 5.1 Short Blades
 + Level 5.3 Dodging
 + Level 6.0 Stealth
 - Level 0.2 Unarmed Combat
 + Level 5.2 Spellcasting
 + Level 7.3 Conjurations
 + Level 1.8 Translocations
 + Level 4.8 Invocations


You had 12 spell levels left.
You knew the following spells:

 Your Spells              Type           Power      Damage    Failure   Level
a - Magic Dart            Conj           100%       1d8       1%          1
b - Searing Ray           Conj           68%        3d5       1%          2
c - Iskenderun's Mystic   Conj/Tloc      23%        2d6       17%         4

Your spell library contained the following spells:

 Spells                   Type           Power      Damage    Failure   Level
 Foxfire                  Conj/Fire      80%        2x1d8     2%          1
 Conjure Flame            Conj/Fire      20%        6-21      8%          3
 Dazzling Flash           Conj/Hex       40%        N/A       8%          3
 Gell's Gravitas          Tloc           6%         N/A       16%         3
 Fulminant Prism          Conj/Hex       10%        3d9       24%         4
 Sticky Flame             Conj/Fire      20%        2d4       24%         4
 Confusing Touch          Hex            5%         N/A       34%         3
 Inner Flame              Hex/Fire       5%         N/A       34%         3
 Fireball                 Conj/Fire      10%        3d6       56%         5
 Petrify                  Tmut/Erth      5%         N/A       75%         4
 Metabolic Englaciation   Hex/Ice        2%         N/A       97%         5
 Yara's Violent Unravell  Hex/Tmut       2%         3d3       97%         5


Dungeon Overview and Level Annotations

Branches:
Dungeon (8/15)             Temple (0/1) D:7
   Lair: D:8-11

Altars:
Dithmenos
Kikubaaqudgha
Okawaru
Qazlal
The Shining One

Shops:
D:6 *


Message History

Aim: a two-headed ogre, wielding two +0 giant clubs (moderately wounded, haloed, 93% to hit)
The searing ray hits the two-headed ogre!
The two-headed ogre is heavily wounded.
The searing ray hits the orc warrior!
The orc warrior is heavily wounded. (Press . to maintain the ray.)
The two-headed ogre misses you.
The two-headed ogre hits you with a +0 giant club!!
An orc comes into view. It is wielding a +0 mace.
The orc shouts!
The searing ray hits the two-headed ogre!
The two-headed ogre is severely wounded.
The searing ray hits the orc warrior.
The orc warrior is severely wounded.
The two-headed ogre misses you.
The two-headed ogre hits you with a +0 giant club!
Unknown command.
The searing ray hits the two-headed ogre.
The two-headed ogre is severely wounded.
The searing ray hits the orc warrior but does no damage.
The orc warrior is severely wounded.
The searing ray hits the orc!
You kill the orc!
Unknown command.
The searing ray hits the two-headed ogre!
The two-headed ogre is almost dead.
The searing ray hits the orc warrior.
The orc warrior is almost dead.
You finish channeling your searing ray.
The two-headed ogre hits you with a +0 giant club!!
* * * LOW HITPOINT WARNING * * *
The two-headed ogre barely misses you.
Casting: Searing Ray (safe; 1% risk of failure)
Confirm with . or Enter, or press ? or * to list all spells.
Aiming: Searing Ray (safe; 1% risk of failure)
Press: ? - help, Shift-Dir - straight line, f/p - two-headed ogre
Aim: a two-headed ogre, wielding two +0 giant clubs (almost dead, haloed, 93% to hit)
You miscast Searing Ray.
Nothing appears to happen.
The two-headed ogre hits you with a +0 giant club!
You die...

#.######## .......
#########.### .......
+..........># .......
######.##.#.# ......o
#.##.#.#######
....o.######.##.#........
..............#....[...
#..###.#######.####..######
#.....)oO@..........<.....
##.###.######.####.....[..
#.# #.# #..###### #.. #.#
#.## ##. #.# #.. .# #.# ###
.. #.# #. .#


You could see a two-headed ogre and an orc warrior.

Vanquished Creatures
  Pikel (D:5)
  6 yaks (D:5)
  Edmund (D:5)
  A water moccasin (D:7)
  3 sky beasts
  3 black bears
  2 centaurs
  A bullfrog (D:7)
  Blork the orc (D:5)
  A kobold brigand (D:7)
  2 gnoll sergeants (D:5)
  A water moccasin zombie (D:7)
  3 scorpions
  2 howler monkeys (D:6)
  A bullfrog zombie (D:7)
  A centaur zombie (D:5)
  3 hounds
  3 jellies (D:6)
  Jessica (D:3)
  2 gnoll shamans
  4 iguanas
  A hound zombie (D:5)
  A howler monkey zombie (D:7)
  10 gnolls
  A howler monkey skeleton (D:7)
  6 adders
  2 shadow imps
  2 dart slugs
  9 orcs
  3 bats
  4 endoplasms
  5 giant cockroaches
  4 goblins
  5 hobgoblins
  3 jackals (D:1)
  3 quokkas
  4 ball pythons
  3 frilled lizards
  A kobold (D:2)
  9 rats
119 creatures vanquished.

Notes
Turn   | Place    | Note
-------+----------+-------------------------------------------
     0 | D:1      | Zonian the Human Conjurer began the quest for the Orb.
     0 | D:1      | Reached XP level 1. HP: 13/13 MP: 3/3
   268 | D:1      | Reached XP level 2. HP: 19/19 MP: 0/5
   590 | D:1      | You fall into a shaft and drop 1 floor!
   637 | D:2      | Found a faded altar of an unknown god.
   645 | D:2      | Became a worshipper of the Shining One
   645 | D:2      | Reached * piety under the Shining One
   956 | D:1      | Reached XP level 3. HP: 19/24 MP: 6/6
  1479 | D:2      | Learned a level 2 spell: Searing Ray
  1849 | D:3      | Found an ancient bone altar of Kikubaaqudgha.
  2037 | D:3      | Reached XP level 4. HP: 29/31 MP: 7/7
  2149 | D:3      | Noticed Jessica
  2158 | D:3      | Killed Jessica
  2159 | D:3      | Reached skill level 5 in Conjurations
  2600 | D:3      | Reached skill level 1 in Fighting
  2729 | D:4      | Noticed a scorpion
  2741 | D:4      | Killed a scorpion
  2742 | D:4      | Reached skill level 1 in Short Blades
  2742 | D:4      | Reached XP level 5. HP: 21/37 MP: 1/8
  3312 | D:4      | Reached XP level 6. HP: 32/43 MP: 3/9
  3636 | D:4      | Reached ** piety under the Shining One
  5381 | D:5      | Entered Level 5 of the Dungeon
  5381 | D:5      | Noticed a sky beast
  5394 | D:5      | Killed a sky beast
  5585 | D:5      | Reached XP level 7. HP: 48/49 MP: 11/11
  6131 | D:5      | Noticed Edmund
  6145 | D:5      | Killed Edmund
  6146 | D:5      | Reached skill level 1 in Invocations
  6848 | D:5      | Reached XP level 8. HP: 24/57 MP: 7/13
  7178 | D:5      | Reached skill level 6 in Conjurations
  7209 | D:5      | Noticed Blork the orc
  7225 | D:5      | Killed Blork the orc
  7776 | D:5      | Noticed a yak
  7776 | D:5      | Noticed a yak
  7803 | D:5      | Killed a yak
  7804 | D:5      | Noticed a yak
  7824 | D:5      | Killed a yak
  8158 | D:5      | Noticed a yak
  8158 | D:5      | Noticed a yak
  8186 | D:5      | Noticed a yak
  8188 | D:5      | Killed a yak
  8194 | D:5      | Killed a yak
  8195 | D:5      | Reached XP level 9. HP: 37/64 MP: 6/15
  8481 | D:5      | Noticed Pikel
  8491 | D:5      | Killed Pikel
  8492 | D:5      | Reached skill level 5 in Stealth
  9759 | D:6      | Reached skill level 7 in Conjurations
  9912 | D:6      | Found a shadowy altar of Dithmenos.
 10143 | D:6      | Learned a level 4 spell: Iskenderun's Mystic Blast
 10228 | D:6      | Reached skill level 5 in Dodging
 10228 | D:6      | Reached XP level 10. HP: 64/73 MP: 11/17
 10592 | D:6      | Found Gecruak Birgh's General Store.
 10598 | D:6      | Bought a potion of curing for 36 gold pieces
 11046 | D:6      | Reached skill level 5 in Spellcasting
 11165 | D:7      | Found an iron altar of Okawaru.
 11177 | D:7      | Reached skill level 1 in Translocations
 11181 | D:7      | Found a stormy altar of Qazlal.
 11392 | D:7      | Found a staircase to the Ecumenical Temple.
 11600 | D:7      | Reached skill level 5 in Short Blades
 11731 | D:7      | Reached *** piety under the Shining One
 12221 | D:8      | Noticed a two-headed ogre
 12237 | D:8      | Slain by a two-headed ogre

Illustrated notes

Levels and vault maps discovered:
D:1:      beargit_arrival_greenhouse, layout_loops_ring
D:2:      layout_rooms, hellmonk_ecumenical_altar_lost_god,
          kennysheep_generic_room_14
D:3:      layout_loops_cross, nicolae_kikubaaqudgha_miasma_corner, uniq_jessica
D:4:      layout_cave_pods
D:5:      layout_cave_pools, serial_gnoll_camp, gnoll_camp_mini_hut,
          gnoll_camp_mini_hut, gnoll_camp_mini_hut, gnoll_camp_mini_house,
          uniq_edmund, uniq_blork_the_orc, uniq_pikel
D:6:      layout_basic, nicolae_dithmenos_the_darkroom, serial_shops, shop
D:7:      layout_basic, jmf_multi_god_temple, minmay_temple_entry_waves,
          nicolae_underground_beach
D:8:      cheibrodos_statue_roulette, layout_basic, serial_corexii_hall,
          corexii_hall_statues_i, corexii_hall_statues_l, gammafunk_ghost_icy,
          bh_walls_and_bars

Skill      XL: |  1  2  3  4  5  6  7  8  9 10 |
---------------+-------------------------------+-----
Conjurations   | 5 6 7 |  7.3
Fighting       | 1 2 3 4 |  4.9
Short Blades   | 1 2 3 4 5 |  5.1
Stealth        | 3 4 5 6 |  6.0
Spellcasting   | 3 4 5 |  5.2
Dodging        | 3 4 5 |  5.3
Invocations    | 1 3 4 |  4.8
Translocations | 1 |  1.8
Unarmed Combat | |  0.2

Action                   |  1- 3 |  4- 6 |  7- 9 | 10-12 || total
-------------------------+-------+-------+-------+-------++-------
Melee: Rapier            |    22 |    40 |    76 |    37 ||   175
       Unarmed           |     7 |       |       |       ||     7
 Cast: Magic Dart        |    47 |    47 |    85 |    38 ||   217
       Searing Ray       |       |     7 |    15 |     3 ||    25
Evoke: Wand              |       |       |     4 |       ||     4
  Use: Scroll            |     4 |     3 |     4 |     2 ||    13
       Potion            |       |       |     5 |       ||     5
Armor: Robe              |     3 |    10 |    15 |     7 ||    35
       Skin              |       |       |     6 |       ||     6
Dodge: Dodged            |    22 |    39 |    50 |    44 ||   155

Table legend: (Time is in decaauts)
 A = Elapsed time spent in this place.
 B = Non-inter-level travel time spent in this place.
 C = Inter-level travel time spent in this place.
 D = Time resting spent in this place.
 E = Time spent auto-exploring this place.
 F = Levels seen in this place.
 G = Mean time per level.
                   A        B        C        D        E       F      G
               +--------+--------+--------+--------+--------+-----+--------+
         Total |  12227 |  11990 |    237 |   5943 |   4976 |   8 | 1528.4 |
       Dungeon |  12227 |  11990 |    237 |   5943 |   4976 |   8 | 1528.4 |
               +--------+--------+--------+--------+--------+-----+--------+

Top non-repeatable levels by time:
     D:5: 4331 daAuts
     D:4: 2192 daAuts
     D:3: 1365 daAuts
     D:6: 1348 daAuts
     D:7: 1106 daAuts
     D:1: 1035 daAuts
     D:2: 797 daAuts
     D:8: 49 daAuts
